[Event "Late-Titled-Tuesday-Blitz-February-27-2024"]
[Site "Chess.com"]
[Date "2024.02.27"]
[Round "7"]
[White "Flaccidmoves"]
[Black "FredddieCroderg"]
[Result "1-0"]
[WhiteElo "2449"]
[BlackElo "2274"]
[TimeControl "180+1"]
[EndTime "15:16:19 PST"]
[Termination "Flaccidmoves won by checkmate"]

1. c4 e6 2. g3 d5 3. Bg2 Nf6 4.
Nf3 dxc4 5. Na3 Bxa3 6. bxa3 O-O 7.
O-O b5 8. a4 c6 9. axb5 cxb5 10.
Rb1 a6 11. a4 Bd7 12. Ne5 Nd5 13. Ba3 Re8 14. Qc2 Nc6 15. Nxd7 Qxd7 16. Bc5 Rab8 17. d4 Nb6 18. axb5 axb5 19. Rxb5 Nxd4 20. Bxd4 Qxb5 21. Rb1 Qa6 22. Be5 Rbc8 23. Qb2 Nd5 24. e4 Ne7 25. Bxg7 Qa5 26. Bc3 Qc5 27. Qd2 Ng6 28. h4 e5 29. h5 Nf8 30. Qg5+ Kh8 31. Rb7 Rc7 32. Qf6+ Kg8 33. h6 Ne6 34. Bxe5 Qxe5 35.
Qxe5 Rxb7 36. f4 Rc8 37. f5 c3 38. fxe6 c2 39. Qg7# 1-0

[Event "Late-Titled-Tuesday-Blitz-February-27-2024"]
[Site "Chess.com"]
[Date "2024.02.27"]
[Round "7"]
[White "ArtemDyachuk"]
[Black "LiemLe"]
[Result "0-1"]
[WhiteElo "2717"]
[BlackElo "3063"]
[TimeControl "180+1"]
[EndTime "15:16:22 PST"]
[Termination "LiemLe won by resignation"]

1. d4 Nf6 2. Nf3 d5 3. c4 e6 4.
g3 dxc4 5. Bg2 c6 6. O-O Nbd7 7.
a4 a5 8. Qc2 b5 9. Rd1 Qb6 10. Nc3 Bb7 11. e4 b4 12. Ne2 b3 13.
Qb1 Bb4 14. Be3 Ng4 15. Bf4 c5 16. d5 exd5 17. exd5 O-O 18. h3 Ngf6 19. Ng5 Rfe8 20. Ne4 Nxe4 21. Bxe4 Nf6 22. Bf3 Rad8 23. Qf5 h6 24. g4 g6 25. Qb1 Bxd5 26. Rxd5 Nxd5 27. Bxh6 Qf6 28. Kg2 g5 29. Qf5 Qxf5 30. gxf5 Rxe2 31. Bxe2 Nf4+ 32. Kf3 Nxe2 33. Kxe2 Rd2+ 34. Kf3 Rxb2 35.
Bxg5 c3 36. Bf6 Rd2 37. Rg1+ Kf8 38. Rg4 b2 0-1

[Event "Late-Titled-Tuesday-Blitz-February-27-2024"]
[Site "Chess.com"]
[Date "2024.02.27"]
[Round "7"]
[White "Rud_Makarian"]
[Black "GMKrikor"]
[Result "1-0"]
[WhiteElo "3086"]
[BlackElo "2857"]
[TimeControl "180+1"]
[EndTime "15:16:23 PST"]
[Termination "Rud_Makarian won by resignation"]

1. Nf3 d5 2. c4 d4 3. b4 c5 4. b5 Qc7 5. g3 e5 6. d3 h6 7. Bg2 Nf6 8. O-O Bd6 9. a4 a5 10. e4 dxe3 11. fxe3 O-O 12. Nc3 Re8 13. Nh4 Bg4 14.
Nd5 Bxd1 15. Nxc7 Bxc7 16. Rxd1 Ra7 17. Bb2 b6 18. d4 Nbd7 19. Re1 g6 20. Bc6 Re7 21.
Nf3 Bd6 22. Kg2 Rc7 23. Rad1 exd4 24. exd4 Rxe1 25. Rxe1 cxd4 26. Bxd4 Bb4 27. Re2 Bc5 28. Bc3 Kf8 29. Nd2 Be7 30. Nb3 Nb8 31. Be5 Rc8 32. Nd4 Nfd7 33. Bf4 Nc5 34. Bxh6+ Kg8 35. Rxe7 Nxa4 36.
Bd5 1-0

[Event "Late-Titled-Tuesday-Blitz-February-27-2024"]
[Site "Chess.com"]
[Date "2024.02.27"]
[Round "7"]
[White "mishanick"]
[Black "Goryachkina"]
[Result "1-0"]
[WhiteElo "3059"]
[BlackElo "2690"]
[TimeControl "180+1"]
[EndTime "15:16:24 PST"]
[Termination "mishanick won on time"]

1. d4 Nf6 2. c4 e6 3. Nc3 Bb4 4. e3 O-O 5. Bd3 d5 6. a3 Bd6 7. Nf3 Nbd7 8. c5 Be7 9. b4 c6 10. O-O b6 11. Qc2 h6 12. e4 dxe4 13. Nxe4 Nxe4 14. Bxe4 Ba6 15. Re1 Rc8 16. Bf4 Nf6 17.
Qa4 Nxe4 18. Qxa6 Nc3 19. Qxa7 Nd5 20. Bg3 b5 21. Ne5 Bf6 22. Nd7 Re8 23. Nb6 Bxd4 24.
Rad1 Nxb6 25. Rxd4 Qxd4 26. cxb6 e5 27. h3 Ra8 28.
Qc7 Rac8 29. Rxe5 Kh7 30. Rxe8 Rxe8 31. b7 Re1+ 32. Kh2 Qa1 33. Bf4 Rh1+ 34. Kg3 Qxa3+ 35. Be3 1-0

[Event "Late-Titled-Tuesday-Blitz-February-27-2024"]
[Site "Chess.com"]
[Date "2024.02.27"]
[Round "7"]
[White "OneTrickPony_82"]
[Black "Escudito"]
[Result "1-0"]
[WhiteElo "2534"]
[BlackElo "2420"]
[TimeControl "180+1"]
[EndTime "15:16:24 PST"]
[Termination "OneTrickPony_82 won by resignation"]

1. d4 d5 2. c4 e6 3. Nf3 c5 4. cxd5 exd5 5. Nc3 Nc6 6. dxc5 d4 7. Na4 Bxc5 8.
Nxc5 Qa5+ 9. Bd2 Qxc5 10. b4 Qe7 11. b5 Ne5 12. Nxe5 Qxe5 13. g3 Qd5 14. Rg1 Ne7 15. Qa4 O-O 16. Bg2 Qe5 17. Bf4 Qf6 18. Rd1 Rd8 19. e4 Ng6 20. e5 Nxe5 21. Kd2 Bf5 22.
Rge1 Rac8 23. Rxe5 Bc2 24. Qxc2 Rxc2+ 25. Kxc2 Qb6 26.
Rde1 h6 27. Re8+ Rxe8 28. Rxe8+ Kh7 29. Be4+ g6 30. Bd3 Qc5+ 31. Kd1 Qh5+ 32. Ke1 Qc5 33.
Be5 f6 34. Bxf6 Qc1+ 35. Ke2 Qb2+ 36. Kf1 Qc1+ 37. Kg2 1-0

[Event "Late-Titled-Tuesday-Blitz-February-27-2024"]
[Site "Chess.com"]
[Date "2024.02.27"]
[Round "7"]
[White "Rutricks"]
[Black "Jospem"]
[Result "0-1"]
[WhiteElo "2695"]
[BlackElo "3063"]
[TimeControl "180+1"]
[EndTime "15:16:28 PST"]
[Termination "Jospem won by checkmate"]

1. c4 Nf6 2. Nc3 d6 3. g3 c6 4. Bg2 g6 5. d4 Bg7 6. Nf3 O-O 7.
O-O Bf5 8. h3 Ne4 9. Qb3 Nxc3 10. bxc3 Qb6 11. Nd2 Be6 12. Rb1 Qxb3 13. Rxb3 Bc8 14.
Ba3 Nd7 15. Rfb1 Nb6 16. c5 dxc5 17. Bxc5 Re8 18. e3 Na4 19. Bb4 Nb6 20. Bc5 Bf5 21.
e4 Be6 22. Ra3 Bf8 23. f4 f6 24. g4 Bd7 25. Bf1 Kg7 26. Kf2 e5 27. Bxf8+ Rxf8 28. Nc4 Nxc4 29. Bxc4 b6 30. Ke3 exf4+ 31. Kxf4 Rfe8 32.
Bd3 Rh8 33. Rb2 h5 34. g5 fxg5+ 35. Kxg5 h4 36. e5 Raf8 37. Bxg6 Rf3 38. Bc2 Rg3+ 39.
Kf4 Rf8+ 40. Ke4 Bf5+ 41. Kf4 Bxc2# 0-1

[Event "Late-Titled-Tuesday-Blitz-February-27-2024"]
[Site "Chess.com"]
[Date "2024.02.27"]
[Round "7"]
[White "ChadBiryani"]
[Black "VinzentSpitzl"]
[Result "0-1"]
[WhiteElo "2417"]
[BlackElo "2533"]
[TimeControl "180+1"]
[EndTime "15:16:29 PST"]
[Termination "VinzentSpitzl won by resignation"]

1. c4 e6 2. g3 Nf6 3. Bg2 d5 4. Nf3 Be7 5. O-O O-O 6. b3 c5 7. cxd5 Nxd5 8. Bb2 Nc6 9. Nc3 Nxc3 10. Bxc3 Bd7 11. Rc1 Rc8 12. Qc2 b6 13. Qb2 Bf6 14. Bxf6 Qxf6 15. Qxf6 gxf6 16. Rfd1 Rfd8 17. Bh3 Kf8 18.
Kg2 Ke7 19. d4 Nxd4 20. Nxd4 cxd4 21. Rxc8 Bxc8 22. Rc1 Bb7+ 23. Kf1 Rc8 24. Rxc8 Bxc8 25. Bg2 Kd6 26. Ke1 Kc5 27. Kd2 Kb4 28. Kc2 Ka3 29. Kb1 Ba6 30. Bf3 f5 31. e3 d3 32.
Bc6 Bc8 33. f4 f6 34. h4 h6 35. Bf3 Bd7 36. Bb7 a5 37. Ba6 b5 38. Bb7 b4 39.
Bf3 a4 40. Bd1 Bc6 41. Kc1 Kxa2 42. bxa4 b3 43. Bxb3+ Kxb3 44. a5 Bb5 45. Kd2 Kb4 0-1

[Event "Late-Titled-Tuesday-Blitz-February-27-2024"]
[Site "Chess.com"]
[Date "2024.02.27"]
[Round "7"]
[White "Zavgorodniy_Sergiy"]
[Black "KNVB"]
[Result "1/2-1/2"]
[WhiteElo "2626"]
[BlackElo "2816"]
[TimeControl "180+1"]
[EndTime "15:16:32 PST"]
[Termination "Game drawn by repetition"]

1. d4 e5 2. dxe5 Nc6 3. Nf3 Qe7 4. Bg5 Qb4+ 5. Bd2 Qxb2 6. Nc3 Bb4 7. Rb1 Qxc3 8.
Bxc3 Bxc3+ 9. Nd2 Nxe5 10. e3 Nf6 11. Bd3 O-O 12. O-O d5 13. h3 Re8 14. Nf3 Nxf3+ 15.
Qxf3 b6 16. Qe2 Bd7 17. Rfd1 g6 18. Qf3 Kg7 19. Rb3 Be5 20. Bb5 Bxb5 21. Rxb5 Rad8 22. c4 c6 23. Rbb1 dxc4 24. Rxd8 Rxd8 25. Qxc6 c3 26. f4 Bd6 27. Qxc3 Be7 28. e4 Bc5+ 29. Kh2 Bd4 30. Qc6 Be3 31. Rf1 Rd4 32. e5 Nh5 33. f5 gxf5 34. Rxf5 Bf4+ 35. Kg1 Be3+ 36. Kh2 Bf4+ 37. g3 Rd2+ 38. Kg1 Be3+ 39. Kf1 Nxg3+ 40. Ke1 Re2+ 41. Kd1 Rd2+ 42. Ke1 Re2+ 43. Kd1 Rd2+ 44. Ke1 1/2-1/2

[Event "Late-Titled-Tuesday-Blitz-February-27-2024"]
[Site "Chess.com"]
[Date "2024.02.27"]
[Round "7"]
[White "Felix-Rose"]
[Black "emeli_chess"]
[Result "1/2-1/2"]
[WhiteElo "2270"]
[BlackElo "2427"]
[TimeControl "180+1"]
[EndTime "15:16:32 PST"]
[Termination "Game drawn by repetition"]

1. Nf3 f5 2. d3 d6 3. e4 e5 4. Nc3 c5 5. g3 Nc6 6. Bg2 Nf6 7.
exf5 Bxf5 8. O-O Be7 9. Bg5 O-O 10. Bxf6 Bxf6 11. Nd2 Qd7 12. Re1 Bh3 13. Bh1 Rae8 14.
Nde4 Bd8 15. a4 a6 16. Qd2 h6 17. Nd5 Qe6 18. f4 Kh8 19. Nf2 Bf5 20. c3 Qg6 21.
fxe5 Nxe5 22. Nf4 Qf7 23. Bd5 Qd7 24. d4 Ng6 25. Rxe8 Rxe8 26. Nxg6+ Bxg6 27. Re1 Rxe1+ 28. Qxe1 Bb6 29. dxc5 Bxc5 30. Kg2 b5 31. axb5 axb5 32. Qe2 Qf5 33. Bf3 b4 34. Ne4 bxc3 35. bxc3 Qe5 36. h4 Bxe4 37. Qxe4 Qxe4 38. Bxe4 Kg8 39.
c4 Kf7 40. Kf3 Kf6 41. g4 g5 42. hxg5+ hxg5 43. Bd5 Ke5 44. Bg8 Bb4 45. Bd5 Bc5 46. Bf7 Bb4 47. Bd5 Bc5 1/2-1/2

[Event "Late-Titled-Tuesday-Blitz-February-27-2024"]
[Site "Chess.com"]
[Date "2024.02.27"]
[Round "7"]
[White "chedimir"]
[Black "PattyCastillo"]
[Result "1-0"]
[WhiteElo "2449"]
[BlackElo "2002"]
[TimeControl "180+1"]
[EndTime "15:16:33 PST"]
[Termination "chedimir won on time"]

1. e4 c5 2. Nf3 d6 3. d4 cxd4 4.
Nxd4 Nf6 5. Nc3 a6 6. f4 e5 7. Nf3 Nbd7 8. a4 Be7 9. Bc4 O-O 10.
O-O exf4 11. Bxf4 Qb6+ 12. Kh1 Qxb2 13. Qd2 Qb6 14. Rad1 Nc5 15. Qd4 Qc7 16. e5 dxe5 17. Bxe5 Qc6 18. Nd5 Nxd5 19. Bxg7 Nf6 20. Bxf8 Kxf8 21.
Ne5 Ne6 22. Nxc6 Nxd4 23. Nxd4 Bg4 24. Rde1 Rd8 25. Nf5 Bxf5 26. Rxf5 Rd2 27. Bd3 Ng4 28. Rf3 Bd6 29. h3 Ne5 30. Rfe3 Ng6 31. Bxg6 hxg6 32.
Rd3 Rxd3 33. cxd3 f6 34. Rb1 1-0

[Event "Late-Titled-Tuesday-Blitz-February-27-2024"]
[Site "Chess.com"]
[Date "2024.02.27"]
[Round "7"]
[White "Oleksandr_Bortnyk"]
[Black "hansen"]
[Result "0-1"]
[WhiteElo "3044"]
[BlackElo "2931"]
[TimeControl "180+1"]
[EndTime "15:16:35 PST"]
[Termination "hansen won by resignation"]

1. e4 e5 2. Nf3 Nc6 3. Bb5 a6 4. Ba4 Nf6 5. Nc3 d6 6. Bxc6+ bxc6 7. d4 exd4 8. Nxd4 c5 9. Nc6 Qd7 10. Na5 Be7 11. f3 O-O 12. Be3 c6 13. Qd2 Qc7 14.
Na4 Rb8 15. a3 Rb5 16. Nb3 Be6 17. Bf4 Bxb3 18. cxb3 Nh5 19. O-O Nxf4 20. Qxf4 Rxb3 21. Kh1 Qa5 22. e5 d5 23. Rf2 d4 24. e6 Qxa4 25. Re1 Re3 26. Rff1 fxe6 27. Qg4 Qb3 28. h4 Qd5 29.
Rxe3 dxe3 30. Re1 h5 31. Qg6 Qe5 32. Qd3 Bd6 33. Kg1 Qh2+ 34. Kf1 Qh1+ 35. Ke2 Qxg2+ 36. Kd1 Bf4 37. Re2 Qxf3 38. Kc1 Qd5 39. Qg6 Rd8 40. Qc2 Qh1+ 0-1

[Event "Late-Titled-Tuesday-Blitz-February-27-2024"]
[Site "Chess.com"]
[Date "2024.02.27"]
[Round "7"]
[White "Polish_fighter3000"]
[Black "Hikaru"]
[Result "1/2-1/2"]
[WhiteElo "3110"]
[BlackElo "3240"]
[TimeControl "180+1"]
[EndTime "15:16:37 PST"]
[Termination "Game drawn by repetition"]

1. e4 c6 2. d4 d5 3. Nc3 dxe4 4. Nxe4 Nf6 5. Nxf6+ gxf6 6. c3 Bf5 7. Nf3 e6 8. g3 Qa5 9. Bg2 Qa6 10. b3 Be4 11. c4 Bb4+ 12. Bd2 Bxf3 13. Bxf3 Qa5 14. d5 Nd7 15.
Bxb4 Qxb4+ 16. Kf1 Ne5 17. Kg2 Rd8 18. Re1 O-O 19.
Re4 Qa5 20. Rf4 f5 21. Rd4 Ng6 22. Qe1 Qxe1 23. Rxe1 e5 24. Rd2 e4 25. Bh5 cxd5 26.
cxd5 Rd7 27. f3 Re8 28. fxe4 fxe4 29. Bg4 Rd6 30. Bf5 e3 31. Rd3 Re5 32. Bxg6 hxg6 33.
Rexe3 Rxe3 34. Rxe3 Rxd5 35. Re7 Rd2+ 36. Kg1 Rxa2 37.
Rxb7 Kg7 38. b4 Kf6 39. b5 g5 40. b6 axb6 41. Rxb6+ Kf5 42. Rb4 Ke5 43. h4 gxh4 44.
Rxh4 Ra1+ 45. Kg2 Ra2+ 46. Kg1 Ra1+ 47. Kg2 Ra2+ 48. Kg1 1/2-1/2

[Event "Late-Titled-Tuesday-Blitz-February-27-2024"]
[Site "Chess.com"]
[Date "2024.02.27"]
[Round "7"]
[White "Brahianzevich"]
[Black "dawid498"]
[Result "1-0"]
[WhiteElo "2506"]
[BlackElo "2687"]
[TimeControl "180+1"]
[EndTime "15:16:37 PST"]
[Termination "Brahianzevich won on time"]

1. e4 a6 2. d4 b5 3. c4 Bb7 4.
Nd2 bxc4 5. Bxc4 Nf6 6. Qe2 e6 7. Ngf3 d5 8. exd5 Bxd5 9. O-O Be7 10. b3 O-O 11. Bb2 Nbd7 12. Ne5 Nxe5 13. dxe5 Bxc4 14. Nxc4 Nd5 15. Na5 Qd7 16. Rfc1 Qb5 17. Nc4 a5 18. Qe4 a4 19. Rab1 axb3 20. axb3 Qxb3 21. Ba3 Qa4 22. Bxe7 Nxe7 23. Qb7 Nd5 24. g3 h6 25. Ra1 Qe8 26. Na5 Qb8 27. Qc6 Qb6 28. Qxb6 cxb6 29. Nb7 b5 30.
Nd6 b4 31. Kf1 Rfb8 32. Rxa8 Rxa8 33. Rb1 f6 34. exf6 gxf6 35. Nb7 Kf7 36. Nc5 Ra3 37.
Re1 e5 38. Ne4 1-0

[Event "Late-Titled-Tuesday-Blitz-February-27-2024"]
[Site "Chess.com"]
[Date "2024.02.27"]
[Round "7"]
[White "Pelusiansky"]
[Black "picturesquecheck"]
[Result "1-0"]
[WhiteElo "2543"]
[BlackElo "2421"]
[TimeControl "180+1"]
[EndTime "15:16:37 PST"]
[Termination "Pelusiansky won on time"]

1. d4 Nf6 2. c4 e6 3. Nc3 Bb4 4. e3 O-O 5. Bd3 d5 6. a3 Bxc3+ 7. bxc3 dxc4 8. Bxc4 c5 9. Nf3 b6 10. O-O Bb7 11. Bd3 Nbd7 12. c4 Qc7 13. Bb2 cxd4 14. exd4 Rad8 15. Re1 Rfe8 16. Ne5 Nxe5 17. Rxe5 g6 18.
Qe2 Nd7 19. Rg5 e5 20. dxe5 Nc5 21. Rg3 Qc6 22. Rd1 Nxd3 23. Rdxd3 Rxd3 24. Qxd3 Ba6 25. Rg4 Qe6 26. Rf4 Rc8 27. h4 Bxc4 28. Qg3 Ba2 29. h5 Qb3 30. Qg4 Qxb2 31. Qxc8+ Kg7 32. h6+ Kxh6 33. Qf8+ Kh5 34. Rf3 Qa1+ 35. Kh2 Qxe5+ 36. g3 Bd5 37. Rf4 g5 38. g4+ 1-0

[Event "Late-Titled-Tuesday-Blitz-February-27-2024"]
[Site "Chess.com"]
[Date "2024.02.27"]
[Round "7"]
[White "laskakid"]
[Black "campochess"]
[Result "0-1"]
[WhiteElo "2367"]
[BlackElo "2198"]
[TimeControl "180+1"]
[EndTime "15:16:37 PST"]
[Termination "campochess won on time"]

1. d4 Nf6 2. Bg5 e6 3. e4 Be7 4. e5 Nd5 5. Bxe7 Qxe7 6. c3 d6 7. Nf3 Nd7 8. Bd3 g5 9. exd6 cxd6 10. O-O g4 11. Nfd2 Qh4 12. Ne4 Qe7 13. Re1 N7f6 14.
Qa4+ Bd7 15. Qa3 Nxe4 16. Bxe4 Nf6 17. Bxb7 Rb8 18. Qxa7 O-O 19. Bc6 Rxb2 20. Bxd7 Qxd7 21. Qa3 Rfb8 22. c4 d5 23. cxd5 Qxd5 24. Qe3 Qf5 25.
Nc3 Rc2 26. Rac1 Rbb2 27. Rxc2 Rxc2 28. a4 Nd5 29. Nxd5 Qxd5 30. Ra1 Rc4 31. a5 Rxd4 32. Qe2 Re4 33. Qf1 Rb4 34. a6 Rb8 35. a7 Ra8 36. Qc1 f6 37. g3 Qb7 0-1

[Event "Late-Titled-Tuesday-Blitz-February-27-2024"]
[Site "Chess.com"]
[Date "2024.02.27"]
[Round "7"]
[White "Sajkochess"]
[Black "tandaleo"]
[Result "0-1"]
[WhiteElo "2331"]
[BlackElo "2502"]
[TimeControl "180+1"]
[EndTime "15:16:38 PST"]
[Termination "tandaleo won on time"]

1. e4 c6 2. Nf3 d5 3. Nc3 Bg4 4.
d4 dxe4 5. Nxe4 Nd7 6. h3 Bxf3 7. Qxf3 Ngf6 8. c3 e6 9. Ng3 Bd6 10. Bd3 O-O 11. O-O Qc7 12. Bg5 h6 13. Be3 e5 14. Nf5 Rfe8 15. Qg3 Nh5 16. Qh4 Nf4 17. Bxf4 exf4 18. Qg4 g6 19. Nxh6+ Kf8 20. Bc4 Re7 21.
Qg5 Nb6 22. Bb3 f3 23. Qf6 Ke8 24. Rfe1 Nd5 25. Qxf7+ Kd8 26. Qg8+ Kd7 27. Qxa8 Bh2+ 28. Kh1 fxg2+ 29. Kxg2 Nf4+ 30. Kxh2 Nd3+ 31. Kg1 Nxe1 32. Qg8 Nf3+ 33. Kg2 Nh4+ 34. Kg1 Qf4 35. Ng4 Qf3 0-1

[Event "Late-Titled-Tuesday-Blitz-February-27-2024"]
[Site "Chess.com"]
[Date "2024.02.27"]
[Round "7"]
[White "OverallStranger"]
[Black "chess94cu"]
[Result "0-1"]
[WhiteElo "2407"]
[BlackElo "2707"]
[TimeControl "180+1"]
[EndTime "15:16:39 PST"]
[Termination "chess94cu won by resignation"]

1. e4 d6 2. d4 Nf6 3. Nc3 e5 4. Nge2 Nbd7 5. g3 c6 6. a4 Qc7 7. Bg2 g6 8. O-O Bg7 9. h3 O-O 10. Be3 Re8 11. g4 b6 12. Ng3 Nf8 13. f4 exf4 14.
Bxf4 Bb7 15. e5 dxe5 16. dxe5 Nd5 17. Nxd5 cxd5 18. Re1 Ne6 19. Bd2 Bxe5 20. Ne2 Bxb2 21. Rb1 Bg7 22. a5 d4 23. axb6 axb6 24. Nc1 Qg3 25.
Re2 Bxg2 26. Rxg2 Qxh3 27. Rb3 d3 28. Nxd3 Bd4+ 29. Nf2 Qh4 30. Rh2 Qf6 31. Rf3 Qe5 32. c3 Bc5 33. Kg2 Bxf2 34. Kxf2 Ng5 35. Bxg5 Qxg5 36.
Rfh3 Ra2+ 37. Kg1 Qc5+ 38. Kh1 Qc6+ 39. Kg1 Rxh2 40. Rxh2 Qxc3 41. Re2 Qg3+ 42. Kf1 Qf3+ 43.
Ke1 Rxe2+ 44. Qxe2 Qxe2+ 45. Kxe2 h5 46. Kd3 hxg4 0-1

[Event "Late-Titled-Tuesday-Blitz-February-27-2024"]
[Site "Chess.com"]
[Date "2024.02.27"]
[Round "7"]
[White "CheckBits"]
[Black "ImportedItalianMaple"]
[Result "1-0"]
[WhiteElo "2404"]
[BlackElo "2502"]
[TimeControl "180+1"]
[EndTime "15:16:40 PST"]
[Termination "CheckBits won on time"]

1. d4 g6 2. Nf3 Bg7 3. e4 c6 4. c3 d5 5. Bd3 dxe4 6. Bxe4 Nf6 7. Bc2 O-O 8. O-O Bg4 9. Nbd2 Nbd7 10. h3 Bf5 11.
Bxf5 gxf5 12. Nc4 Ne4 13. Bf4 e6 14. Re1 Re8 15. Qc2 Nb6 16. Ncd2 Nd5 17. Bh2 Nxd2 18. Qxd2 b5 19. Be5 f6 20. Bh2 Qd7 21. b3 Rad8 22.
c4 Nb6 23. Qc2 a6 24. a4 Rc8 25. axb5 axb5 26. Ra6 Na8 27. Rea1 bxc4 28. bxc4 c5 29.
Ra7 Nc7 30. dxc5 e5 31. Nh4 f4 32. Nf5 Ra8 33. Nd6 Rxa7 34. Rxa7 Ra8 35. Qa2 Rxa7 36. Qxa7 Qc6 37. Qb6 Qd7 38. g4 Bf8 39. Kg2 Ne6 40.
Ne4 Nd4 41. Nxf6+ 1-0

[Event "Late-Titled-Tuesday-Blitz-February-27-2024"]
[Site "Chess.com"]
[Date "2024.02.27"]
[Round "7"]
[White "Roberz12"]
[Black "IsaacWiebe"]
[Result "1-0"]
[WhiteElo "2585"]
[BlackElo "2359"]
[TimeControl "180+1"]
[EndTime "15:16:40 PST"]
[Termination "Roberz12 won by checkmate"]

1. b3 d5 2. Bb2 Bg4 3. h3 Bh5 4. g4 Bg6 5. Nf3 f6 6. d4 Nc6 7.
Bg2 e6 8. Nbd2 Bd6 9. O-O h5 10. Nh4 Bf7 11. e4 hxg4 12. Qxg4 Nge7 13. c4 Qd7 14. c5 Bh5 15. Qxg7 O-O-O 16. cxd6 Rdg8 17.
Qxf6 cxd6 18. Rac1 Ng6 19. exd5 exd5 20. Nf5 Nf4 21.
Nxd6+ Qxd6 22. Qxd6 Rxg2+ 23. Kh1 Bf3 24. Rxc6+ bxc6 25.
Qxc6+ Kb8 26. Qb5+ Ka8 27. Qc6+ Kb8 28. Qb5+ Ka8 29.
Qd7 Rxh3+ 30. Qxh3 Nxh3 31. Nxf3 Rg8 32. Bc1 Kb7 33. Kh2 Rh8 34. Kg3 Rf8 35. Ne5 Rh8 36. f4 Kc7 37. Rh1 Rg8+ 38. Kxh3 Rh8+ 39. Kg2 Rg8+ 40. Kf3 Kd6 41. Rh6+ Ke7 42. Ba3+ Ke8 43. Rc6 Rg1 44. Rc8# 1-0

[Event "Late-Titled-Tuesday-Blitz-February-27-2024"]
[Site "Chess.com"]
[Date "2024.02.27"]
[Round "7"]
[White "kalxandria"]
[Black "McCarthyStone"]
[Result "0-1"]
[WhiteElo "2146"]
[BlackElo "2359"]
[TimeControl "180+1"]
[EndTime "15:16:43 PST"]
[Termination "McCarthyStone won by checkmate"]

1. e4 e5 2. Nf3 d6 3. Bc4 Nf6 4. d3 Be7 5. Nc3 O-O 6. h3 c6 7.
Bb3 Nbd7 8. O-O Nc5 9. Be3 Nxb3 10.
axb3 d5 11. exd5 cxd5 12. Bxa7 d4 13. Nb5 Bd7 14. c4 Bxb5 15. cxb5 Qd6 16. b6 Nd5 17. Re1 f6 18. Ra4 Nf4 19. Kh2 Rac8 20. g3 Nd5 21. Qe2 Rfe8 22. Qe4 g6 23. Ra5 Rcd8 24. Nd2 Qb4 25. Nc4 f5 26. Qxe5 Bf6 27. Qxe8+ Rxe8 28. Rxe8+ Kf7 29. Rb8 Qxb3 30. Rxd5 Qxd3 31. Rxb7+ Be7 32.
Rdd7 Qxc4 33. Rxe7+ Kf6 34. Rf7+ Kg5 35. h4+ Kg4 36.
Rxh7 Qe2 37. Kg2 Qf3+ 38. Kg1 Qd1+ 39. Kh2 Kf3 40. Rbe7 Qf1 41. Re3+ dxe3 42. Bb8 Qg2# 0-1

[Event "Late-Titled-Tuesday-Blitz-February-27-2024"]
[Site "Chess.com"]
[Date "2024.02.27"]
[Round "7"]
[White "ahkashefi2800"]
[Black "Sokoloco"]
[Result "1-0"]
[WhiteElo "2643"]
[BlackElo "2780"]
[TimeControl "180+1"]
[EndTime "15:16:44 PST"]
[Termination "ahkashefi2800 won by resignation"]

1. d4 d6 2. Nf3 g6 3. g3 Bg7 4.
Bg2 b6 5. b3 Bb7 6. Bb2 Nf6 7.
O-O O-O 8. c4 Nbd7 9. Nc3 Ne4 10. Qc2 Nxc3 11. Bxc3 e6 12. a4 Nf6 13. a5 Qd7 14.
Rfd1 Be4 15. Qb2 b5 16. Ne5 Qe8 17. Nf3 bxc4 18. bxc4 Qc6 19. c5 Rab8 20. Qa3 Bc2 21. d5 Qxc5 22. Rdc1 Qxa3 23. Rxa3 Bf5 24. Nd4 Nxd5 25.
Bxd5 exd5 26. Nxf5 gxf5 27. Bxg7 Kxg7 28. Rxc7 Rb2 29. e3 Rd2 30. Ra4 Rb8 31. Rxa7 Kf6 32. Ra6 Ke6 33. Kg2 Rbb2 34. Rf4 Ra2 35. Ra8 Ra3 36.
a6 Rxe3 37. Re8+ Kf6 38. Rxe3 Ra2 39. Rd3 Rxa6 40. Rxd5 Ke6 41. Rdxf5 Ra2 42. Rxf7 h5 43. R4f6+ Ke5 44. Rf5+ Ke6 45. R7f6+ Ke7 46. Rh6 h4 47. Rxh4 Ke6 48. Rhf4 Rd2 49. Rf3 d5 50. h4 d4 51.
h5 d3 52. Rf8 Rd1 53. h6 d2 54. h7 Rg1+ 55. Kxg1 d1=Q+ 56. Kg2 Ke7 57. h8=Q Qb1 58. Qf6+ Kd7 59. Rd3+ Kc7 60. Qd6+ Kb7 61. Rb3+ Qxb3 62. Rb8+ 1-0

[Event "Late-Titled-Tuesday-Blitz-February-27-2024"]
[Site "Chess.com"]
[Date "2024.02.27"]
[Round "7"]
[White "SilverSwords13"]
[Black "MatyChess1"]
[Result "1-0"]
[WhiteElo "2496"]
[BlackElo "2642"]
[TimeControl "180+1"]
[EndTime "15:16:45 PST"]
[Termination "SilverSwords13 won by resignation"]

1. e4 c6 2. d4 d5 3. e5 Bf5 4. h4 h5 5. Bd3 Bxd3 6. Qxd3 Qa5+ 7. Nd2 e6 8. Nf3 Nh6 9. O-O Nf5 10. Nb3 Qa6 11. Qd1 b6 12. a4 c5 13. a5 Qb7 14.
Bg5 Nc6 15. axb6 axb6 16. Rxa8+ Qxa8 17. Qa1 Qb7 18. c3 c4 19. Nbd2 Be7 20. Qa2 Bxg5 21. hxg5 O-O 22. Ra1 Rb8 23. Qa6 b5 24. b4 Qxa6 25.
Rxa6 Nfe7 26. Nb1 Kh7 27. Nh4 Rb7 28. Na3 Ra7 29. Rxa7 Nxa7 30. f4 Nec8 31. Kf2 Nb6 32. Ke3 Na4 33. Kd2 Nb2 34. f5 exf5 35. Nxf5 Kg6 36.
Nd6 Kxg5 37. Nxf7+ Kf5 38. Nd6+ Ke6 39. Naxb5 Nxb5 40. Nxb5 Kd7 41. Nd6 g6 42. b5 Na4 43.
Ke3 Nxc3 44. b6 g5 45. b7 Kc7 46. e6 Nd1+ 47. Kd2 Nf2 48. e7 1-0

[Event "Late-Titled-Tuesday-Blitz-February-27-2024"]
[Site "Chess.com"]
[Date "2024.02.27"]
[Round "7"]
[White "CarlosjPineror"]
[Black "IMRosen"]
[Result "0-1"]
[WhiteElo "2543"]
[BlackElo "2699"]
[TimeControl "180+1"]
[EndTime "15:16:47 PST"]
[Termination "IMRosen won on time"]

1. e4 c5 2. Nf3 Nc6 3. g3 e5 4. Bg2 d6 5. O-O g6 6. c3 Bg7 7.
Na3 Nge7 8. Nc2 O-O 9. d4 cxd4 10.
cxd4 Bg4 11. d5 Nb8 12. h3 Bxf3 13. Bxf3 Nd7 14. Be3 f5 15. Bg5 h6 16. Bxe7 Qxe7 17.
Ne3 f4 18. Ng2 h5 19. g4 Nc5 20. b4 hxg4 21. bxc5 gxf3 22. cxd6 Qxd6 23. Qxf3 Rac8 24. Rfc1 Rc5 25. Rxc5 Qxc5 26. Rd1 Rf6 27. Qb3 Rb6 28.
Qd3 Rb2 29. Qf3 Bf8 30. h4 Qb6 31. a4 Bc5 32. Qg4 Rxf2 33. Kh1 Qf6 34. d6 Bxd6 35. Qc8+ Bf8 36. Qg4 f3 37. Ne3 Re2 38. Nd5 Qf7 39. Rf1 Rg2 0-1

[Event "Late-Titled-Tuesday-Blitz-February-27-2024"]
[Site "Chess.com"]
[Date "2024.02.27"]
[Round "7"]
[White "lagedema"]
[Black "fandebobbyfischer"]
[Result "0-1"]
[WhiteElo "2413"]
[BlackElo "2690"]
[TimeControl "180+1"]
[EndTime "15:16:49 PST"]
[Termination "fandebobbyfischer won by resignation"]

1. d4 c5 2. e3 Nf6 3. Nf3 g6 4. Bd3 Bg7 5. O-O O-O 6. c3 cxd4 7. exd4 d6 8. Re1 Nc6 9. Bg5 Re8 10. Nbd2 h6 11.
Bf4 Nh5 12. Be3 e5 13. dxe5 dxe5 14. Bb5 Qc7 15. Nc4 Rd8 16. Qa4 Be6 17. Rad1 Bd5 18.
Nfd2 Ne7 19. Na5 Nf5 20. Bc4 Nxe3 21. Rxe3 Nf4 22. g3 Nh3+ 23. Kf1 Qc5 24. b4 Bxc4+ 25.
Naxc4 Qd5 26. Qc2 b5 27. Na5 Qh1+ 28. Ke2 Ng1+ 29. Rxg1 Qxg1 30. Nc6 Rd6 31. Nxe5 Bxe5 32. Rxe5 Rad8 33. Ne4 Rd1 34. Rxb5 Qf1+ 35. Kf3 Qxb5 36. c4 Qf5+ 37. Ke3 R1d3+ 0-1

[Event "Late-Titled-Tuesday-Blitz-February-27-2024"]
[Site "Chess.com"]
[Date "2024.02.27"]
[Round "7"]
[White "Tugrik1969"]
[Black "jinxy2009"]
[Result "1-0"]
[WhiteElo "2393"]
[BlackElo "2178"]
[TimeControl "180+1"]
[EndTime "15:16:54 PST"]
[Termination "Tugrik1969 won on time"]

1. d4 Nf6 2. c4 g6 3. Nc3 d5 4. cxd5 Nxd5 5. e4 Nxc3 6. bxc3 Bg7 7. Nf3 c5 8. Rb1 O-O 9. Be2 Bg4 10. O-O Nc6 11. d5 Bxf3 12. Bxf3 Ne5 13. Rxb7 Nxf3+ 14. Qxf3 e6 15. c4 Qa5 16. Bb2 Bxb2 17. Rxb2 Rab8 18.
Rxb8 Rxb8 19. dxe6 fxe6 20. Qf6 Qb6 21. Rd1 Rf8 22. Qe5 Qa6 23. Rd7 Rf7 24. Qb8+ Kg7 25. Qb2+ Kg8 26. Rd8+ Rf8 27. Rxf8+ Kxf8 28. Qh8+ Ke7 29. Qxh7+ Kd6 30. Qxg6 Qxa2 31. h4 a5 32. e5+ Kxe5 33. h5 a4 34. h6 a3 35. h7 Qa1+ 36.
Kh2 Kd6 37. Qg8 Qe5+ 38. g3 Qh5+ 39. Kg2 a2 40. h8=Q 1-0